 Dungeon Crawl Stone Soup version 0.29-a0-977-g7483850d73 (webtiles) character file.

Game seed: 16686686433011913704

105 BlueGoblin the Shooter (level 5, -6/42 HPs)
             Began as a Meteoran Hunter on Aug 1, 2022.
             Mangled by a gnoll
             ... wielding a +3 flail
              (13 damage)
             ... on level 3 of the Dungeon.
             The game lasted 00:05:08 (1363 turns).

BlueGoblin the Shooter (Meteoran Hunter)            Turns: 1363, Time: 00:05:09

Health: -6/42      AC:  3    Str: 13    XL:     5   Next: 30%
Magic:  6/6        EV: 12    Int: 10    God:
Gold:   133        SH:  0    Dex: 19    Spells: 4/4 levels left

rFire   . . .      SeeInvis .   r - +0 rapier
rCold   . . .      Faith    .   (no shield)
rNeg    . . .      Spirit   .   c - +0 leather armour
rPois   .          Reflect  .   (no helmet)
rElec   .          Harm     .   (no cloak)
rCorr   .          Rampage  .   (no gloves)
Will    .....                   (no boots)
Stlth   +.........              f - amulet of magic regeneration
HPRegen 0.14/turn               (no ring)
MPRegen 0.50/turn               (no ring)

@: glowing
A: sense surroundings 1, otherworldly, glowing, explore regen
a: no special abilities


You were on level 3 of the Dungeon.
You visited 1 branch of the dungeon, and saw 3 of its levels.

You collected 133 gold pieces.

Inventory:

Hand Weapons
 a - a +0 shortbow
 r - a +0 rapier (weapon)
Armour
 c - a +0 leather armour (worn)
 j - a +0 chain mail
 k - an orb of guile
 s - the +0 robe of the Vaults {rC+ rCorr}
   (You found it on level 3 of the Dungeon)

   rC:        It protects you from cold.
   rCorr:     It protects you from acid and corrosion.
Jewellery
 d - a ring of fire
 f - an amulet of magic regeneration (around neck)
 m - a ring of magical power
Scrolls
 b - a scroll of immolation
 e - a scroll of fear {unknown}
 n - a scroll of noise {unknown}
 o - 2 scrolls of identify
 p - a scroll of amnesia {unknown}
 t - a scroll of magic mapping {unknown}
Potions
 g - 2 potions of attraction
 i - a potion of haste
 l - a potion of cancellation


   Skills:
 + Level 2.6 Fighting
 + Level 6.0 Ranged Weapons
 + Level 1.5 Armour
 + Level 2.7 Dodging
 - Level 0.6 Stealth


You had 4 spell levels left.
You didn't know any spells.
Your spell library was empty.

Dungeon Overview and Level Annotations

Branches:
Dungeon (3/15) Zot: 411

Altars:
Fedhas
Qazlal
Vehumet


Innate Abilities, Weirdness & Mutations

You passively map a small area around you.
You are easily found by Zot.
You glow in the dark.
You regain HP and MP as you explore.


Message History

The gnoll closely misses you.
Unknown command.
Fire: a) +0 shortbow
Press: ? - help, Shift-Dir - straight line, f/p - gnoll
Aim: a gnoll, wielding a +0 halberd (moderately wounded, 68% to hit)
You shoot an arrow. The arrow hits the gnoll!
You kill the gnoll!
Your Ranged Weapons skill increases to level 6!
Unknown command.
Unknown command.
Fire: a) +0 shortbow
Press: ? - help, Shift-Dir - straight line, f - gnoll
Aim: a gnoll, wielding a +0 club (69% to hit)
You shoot an arrow. The arrow hits the gnoll.
The gnoll is moderately wounded.
Unknown command.
Unknown command.
Fire: a) +0 shortbow
Press: ? - help, Shift-Dir - straight line, f/p - gnoll
Aim: a gnoll, wielding a +0 club (moderately wounded, 69% to hit)
You shoot an arrow. The arrow hits the gnoll!
You kill the gnoll!
Unknown command.
Unknown command.
You are now empty-handed.
r - a +0 rapier (weapon)
You barely miss the gnoll. The gnoll barely misses you.
The gnoll hits you with a +3 flail!
You closely miss the gnoll. The gnoll hits you with a +3 flail!
* * * LOW HITPOINT WARNING * * *
You hit the gnoll.
The gnoll is moderately wounded.
The gnoll barely misses you.
You completely miss the gnoll.
The gnoll is moderately wounded.
The gnoll closely misses you.
You hit the gnoll.
The gnoll is severely wounded.
The gnoll hits you with a +3 flail!
You die...

#...#..######..#..#...
#...##.........#.##.#.
###..###..[......##.##
##...###........[.##
####)........#####.##
#.......##......##...
#.##.##.##......##...
# ##.##.##......##...
#.@##.##...........
#g###.##......##...
#)* #.##......####< ..
..##......# #. ##.
########### #. #[ #.
#. #. *.. * * ,, .


You could see a gnoll.

Vanquished Creatures
  An adder (D:3)
  4 gnolls
  A worm (D:2)
  2 dart slugs (D:2)
  An orc (D:3)
  4 ball pythons (D:1)
  5 bats
  5 endoplasms
  2 giant cockroaches
  3 goblins
  2 hobgoblins (D:1)
  6 kobolds
  4 quokkas
  4 frilled lizards
  7 rats
51 creatures vanquished.

Vanquished Creatures (others)
  6 plants (D:1)
6 creatures vanquished.

Grand Total: 57 creatures vanquished

Notes
Turn   | Place    | Note
-------+----------+-------------------------------------------
     0 | D:1      | BlueGoblin the Meteoran Hunter began the quest for the Orb.
     0 | D:1      | Reached XP level 1. HP: 17/17 MP: 2/2
    53 | D:1      | Reached XP level 2. HP: 18/24 MP: 3/3
    79 | D:1      | Found a faded altar of an unknown god.
    79 | D:1      | Noticed an Executioner
   125 | D:1      | Reached skill level 5 in Ranged Weapons
   158 | D:1      | Reached XP level 3. HP: 25/29 MP: 4/4
   702 | D:2      | Reached XP level 4. HP: 37/37 MP: 5/5
   980 | D:2      | Found a stormy altar of Qazlal.
  1070 | D:2      | Glimpsed the power of Zot.
  1127 | D:3      | Found a blossoming altar of Fedhas.
  1188 | D:3      | Identified the +0 robe of the Vaults {rC+ rCorr}
  1201 | D:3      | Found a radiant altar of Vehumet.
  1273 | D:3      | Reached skill level 1 in Armour
  1353 | D:3      | Reached XP level 5. HP: 20/42 MP: 6/6
  1355 | D:3      | Reached skill level 6 in Ranged Weapons
  1363 | D:3      | Mangled by a gnoll

Illustrated notes

Levels and vault maps discovered:
D:1:      tarquinn_simple_flora_water_d, layout_basic,
          dreamdust_ecumenical_altar_sealed_demon, kennysheep_boxes
D:2:      layout_loops_corners, basic_altar
D:3:      layout_loops_cross, makhleb_altar_promises_db,
          mainiacjoe_overflow_big_doors, small_statue_intersection,
          minmay_randomly_rotated_circles

Skill      XL: |  1  2  3  4  5 |
---------------+----------------+-----
Ranged Weapons | 5 6 |  6.0
Armour         | 1 |  1.5
Fighting       | |  2.6
Dodging        | |  2.7
Stealth        | |  0.6

Action                   |  1- 3 |  4- 6 || total
-------------------------+-------+-------++-------
Melee: Rapier            |       |    24 ||    24
       Punch             |       |     1 ||     1
 Fire: Shortbow          |    68 |    64 ||   132
  Use: Scroll            |     2 |       ||     2
       Potion            |       |     5 ||     5
Armor: Leather armour    |     7 |    15 ||    22
Dodge: Dodged            |    14 |    34 ||    48

Table legend: (Time is in decaauts)
 A = Elapsed time spent in this place.
 B = Non-inter-level travel time spent in this place.
 C = Inter-level travel time spent in this place.
 D = Time resting spent in this place.
 E = Time spent auto-exploring this place.
 F = Levels seen in this place.
 G = Mean time per level.
                   A        B        C        D        E       F      G
               +--------+--------+--------+--------+--------+-----+--------+
         Total |   1387 |   1387 |      0 |     15 |    981 |   3 |  462.3 |
       Dungeon |   1387 |   1387 |      0 |     15 |    981 |   3 |  462.3 |
               +--------+--------+--------+--------+--------+-----+--------+

Top non-repeatable levels by time:
     D:2: 752 daAuts
     D:1: 361 daAuts
     D:3: 274 daAuts
